cohdb
Replays
Latest Replays
All Replays
Popular Replays
Top Player Replays
Match Explorer
How It Works
Community
CoH3 Stats
Reddit
Sign in to upload your games and track your stats! →
Sign in with Steam
Match 38885904
Unlisted
Match 38885904
Overview
Messages
Build Orders
End
Pioneer Squad
Construct Infanterie Kompanie
Selects Luftwaffe Battlegroup
Grenadier Squad
Grenadier Squad
MG 42 Machine Gun Team
Construct Luftwaffe Kompanie
Selects Luftwaffe Pioneer Support
Selects LG40 Recoilless Gun Paradrop
Flak 30 Anti-aircraft Gun Team
221 Scout Car
LG40 Recoilless Gun Paradrop
Selects Stuka Strafing Run
Selects Fallschirmjäger Squad Paradrop
Fallschirmjäger Squad Paradrop
Medical Bunker
Fallschirmjäger Squad Paradrop
Construct Panzer Kompanie
Panzer IV Medium Tank
Selects Infantry Reserves
Stoßtruppen Squad
Panzer IV Medium Tank
MG 42 Bunker
Side Skirts
GrW 34 Mortar Team
Mrs Bean
只愛❤毛妹
0
0
Comments
sign in to comment!
No comments posted yet!